 Dungeon Crawl Stone Soup version 0.25.0-9-g26727b657a (webtiles) character file.

Game seed: 4066380441251598972

68 HoaS the Skirmisher (level 4, -3/29 HPs)
             Began as a Gargoyle Fighter on June 17, 2020.
             Killed from afar by an orc wizard (12 damage)
             ... with a magic dart
             ... on level 3 of the Dungeon.
             The game lasted 00:03:31 (1531 turns).

HoaS the Skirmisher (Gargoyle Fighter)              Turns: 1531, Time: 00:03:32

Health: -3/29      AC: 10    Str: 20    XL:     4   Next: 19%
Magic:  4/4        EV:  7    Int:  9    God:
Gold:   38         SH: 10    Dex:  9    Spells: 3/3 levels left

rFire    . . .     SeeInvis .   a - +0 flail
rCold    . . .     Gourm    .   c - +1 kite shield
rNeg     + . .     Faith    .   b - +0 scale mail
rPois    ∞         Spirit   .   (no helmet)
rElec    +         Reflect  .   (no cloak)
rCorr    .         Harm     .   (no gloves)
MR       .....                  (no boots)
Stlth    ..........             (no amulet)
HPRegen  0.09/turn              (no ring)
MPRegen  0.09/turn              (no ring)

@: mighty
A: negative energy resistance 1, electricity resistance, unbreathing,
petrification resistance, rot immunity, AC +3
a: no special abilities


You were on level 3 of the Dungeon.
You were not hungry.

You visited 1 branch of the dungeon, and saw 3 of its levels.

You collected 38 gold pieces.

Inventory:

Hand Weapons
 a - a +0 flail (weapon)
Armour
 b - a +0 scale mail (worn)
 c - a +1 kite shield (worn)
Jewellery
 o - a cursed amulet of faith {unknown}
Scrolls
 i - 4 scrolls of teleportation
Potions
 e - a potion of magic {unknown}
 j - 3 potions of curing {unknown}
 l - a potion of flight {unknown}
 n - a potion of mutation {unknown}
Comestibles
 f - 3 rations
 g - 3 chunks of flesh


   Skills:
 + Level 3.9 Fighting
 * Level 3.3 Maces & Flails
 - Level 3.2 Armour
 + Level 3.9 Shields


You had 3 spell levels left.
You didn't know any spells.
Your spell library was empty.

Dungeon Overview and Level Annotations

Branches:
Dungeon (2/15)

Altars:


Innate Abilities, Weirdness & Mutations

You are resistant to torment.
Your stone body is resilient. (AC +3)
You are immune to poison.
You resist negative energy. (rN+)
You are resistant to electric shocks. (rElec)
You can survive without breathing.
You are immune to petrification.
You are immune to rotting.


Message History

You closely miss something. Something hits you.
You barely miss something.
Something hits you but does no damage. x2
You miss something. Something hits you but does no damage.
You hear some strange, mumbled words.
A magic dart appears from out of thin air!
The magic dart hits you but does no damage.
You barely miss something.
Something hits you but does no damage. x2
You miss something.
Something hits you but does no damage. x2
You closely miss something. Something completely misses you.
Something hits you.
You miss something.
You hear the slow rusting of a distant drain.
You block something's attack. Something hits you but does no damage.
You closely miss something.
Something hits you but does no damage. x2
You are too injured to fight recklessly!
You feel very mighty all of a sudden.
You hear some strange, mumbled words.
A magic dart appears from out of thin air!
The magic dart hits you!
You die...

#########
#.......#
#+#####@# .
#{###>...
#oo.!...#
#)......#
........#
........##
.........#
..#########
...


You could see 2 orcs.

Vanquished Creatures
  An adder (D:2)
  2 worms (D:2)
  A leopard gecko (D:1)
  2 orcs (D:3)
  6 bats
  A giant cockroach (D:1)
  6 goblins
  4 hobgoblins
  8 jackals
  A ball python (D:1)
  4 frilled lizards (D:1)
  6 kobolds (D:1)
  6 rats
48 creatures vanquished.

Notes
Turn   | Place    | Note
-------+----------+-------------------------------------------
     0 | D:1      | HoaS the Gargoyle Fighter began the quest for the Orb.
     0 | D:1      | Reached XP level 1. HP: 14/14 MP: 1/1
    55 | D:1      | Reached XP level 2. HP: 19/19 MP: 2/2
   466 | D:1      | Reached XP level 3. HP: 23/23 MP: 3/3
  1370 | D:2      | Reached XP level 4. HP: 29/29 MP: 4/4
  1489 | D:2      | You fall into a shaft and drop 1 floor!
  1531 | D:3      | Killed from afar by an orc wizard

Illustrated notes

Levels and vault maps discovered:
D:1:      onia_arrival_handbag, layout_loops_corners
D:2:      layout_loops_corners, chequers_ecumenical_altar_island
D:3:      layout_basic, cheibrodos_sewer_entry_sluice, uniq_crazy_yiuf_cottage

Skill      XL: |  1  2  3 |
---------------+----------+-----
Maces & Flails | 3 |  3.3
Fighting       | |  3.9
Armour         | |  3.2
Shields        | |  3.9

Action                   |  1- 3 |  4- 6 || total
-------------------------+-------+-------++-------
Melee: Flail             |   148 |    42 ||   190
  Use: Scroll            |       |     4 ||     4
       Potion            |       |     1 ||     1
  Eat: Chunk             |     2 |       ||     2
Armor: Scale mail        |    74 |    27 ||   101
Dodge: Dodged            |    48 |    12 ||    60
Block: Kite shield       |    57 |    13 ||    70
